 Dungeon Crawl Stone Soup version 0.24-a0-170-gd8427f5 (webtiles) character file.

Game seed: 17384132283421022909

260 Dfrag the Firebug (level 5, -1/35 HPs)
             Began as a Demonspawn Fire Elementalist on Mar 10, 2019.
             Killed by divine providence
             ... invoked by an orc priest
              (10 damage)
             ... on level 4 of the Dungeon.
             The game lasted 00:04:29 (2918 turns).

Dfrag the Firebug (Demonspawn Fire Elementalist)    Turns: 2918, Time: 00:04:29

Health: -1/35      AC:  4    Str:  9    XL:     5   Next: 95%
Magic:  9/10       EV: 12    Int: 17    God:
Gold:   150        SH:  0    Dex: 13    Spells: 3/11 levels left

rFire    . . .     SeeInvis .   k - +1 dagger (flame)
rCold    . . .     Gourm    .   (no shield)
rNeg     . . .     Faith    .   a - +0 robe
rPois    .         Spirit   .   (no helmet)
rElec    .         Reflect  .   (no cloak)
rCorr    .         Harm     .   (no gloves)
MR       .....                  (no boots)
Stlth    +++.......             (no amulet)
HPRegen  0.11/turn              o - ring of wizardry
MPRegen  0.12/turn              (no ring)

@: lethally poisoned (-1 -> -10), slowed, very slow
A: yellow scales 1, nightstalker 1
a: no special abilities


You were on level 4 of the Dungeon.
You were not hungry.

You visited 1 branch of the dungeon, and saw 4 of its levels.

You collected 150 gold pieces.

Inventory:

Hand Weapons
 e - a +0 spear
 k - a +1 dagger of flaming (weapon)
Armour
 a - a +0 robe (worn)
Jewellery
 o - a ring of wizardry (left hand)
Scrolls
 d - 5 scrolls of identify {unknown}
 f - a scroll of blinking {unknown}
 g - a scroll of fear {unknown}
 h - a scroll of fog {unknown}
Potions
 b - a potion of ambrosia {unknown}
 i - 2 potions of mutation {unknown}
 j - a potion of invisibility {unknown}
 l - a potion of resistance {unknown}
 m - a potion of haste {unknown}
 n - a potion of berserk rage {unknown}
Comestibles
 c - 5 rations
 p - 2 chunks of flesh


   Skills:
 - Level 1.7 Dodging
 - Level 1.7 Stealth
 + Level 3.6 Spellcasting
 + Level 3.5 Conjurations
 + Level 4.1 Fire Magic


You had 3 spell levels left.
You knew the following spells:

 Your Spells              Type           Power        Failure   Level  Hunger
a - Flame Tongue          Conj/Fire      ###..        1%          1    None
b - Conjure Flame         Conj/Fire      ###.....     4%          3    ###....
c - Sticky Flame          Conj/Fire      ###.....     14%         4    ####...

Your spell library contained the following spells:

 Spells                   Type           Power        Failure   Level  Hunger
 Throw Flame              Conj/Fire      ###...       2%          2    ##.....
 Beastly Appendage        Tmut           #.....       7%          1    None
 Inner Flame              Hex/Fire       ##......     9%          3    ###....
 Sticks to Snakes         Tmut           #.......     11%         2    ##.....
 Spider Form              Tmut/Pois      #.........   21%         3    ###....
 Fireball                 Conj/Fire      ###.......   34%         5    ######.
 Ice Form                 Ice/Tmut       #.......     52%         4    ####...
 Blade Hands              Tmut           #.........   86%         5    ######.


Dungeon Overview and Level Annotations

Branches:
Dungeon (4/15)
 Temple: D:4-7

Altars:
Hepliaklqana
Ru
Xom
The Shining One


Innate Abilities, Weirdness & Mutations

You are partially covered in yellow scales. (AC +2)
You are slightly more attuned to the shadows.


Message History

The worm is heavily wounded.
The orc wizard barely misses you.
A leopard gecko skeleton comes into view.
The orc hits you.
Unknown command.
The orc wizard hits you but does no damage.
The orc priest looks encouraged for a moment.
An orc comes into view. It is wielding a +0 mace.
The quokka bites you but does no damage.
The quokka bites you. x2
The orc hits you but does no damage. The orc barely misses you.
The quokka misses you.
The orc hits you with a +0 dagger of venom.
You are lethally poisoned!
* * * LOW HITPOINT WARNING * * *
You feel sick.
The orc shouts!
The orc priest invokes the aid of Beogh against you.
Beogh smites you!
You die...

...... #......# ....##### #
#.....# ........) ##.###.o..#
.....(... . .........###
<..####..... #...........
###.......... ########..##....###
....####...... .....$...##....#
.#### .....###..o.......### ##
......@roowo......# ##
....####o..h......#####
.###########################.....
.............................####
.############################# ##


You could see a worm, a howler monkey (wandering), an orc priest, an orc wizard,
3 orcs and a quokka.

Vanquished Creatures
  Sigmund (D:3)
  3 adders (D:3)
  3 worms (D:2)
  4 dart slugs
  A leopard gecko (D:3)
  5 orcs (D:3)
  5 giant cockroaches
  3 goblins
  5 hobgoblins
  6 jackals
  9 kobolds
  3 quokkas
  6 bats
  2 frilled lizards (D:3)
  7 rats
63 creatures vanquished.

Vanquished Creatures (others)
  An adder (D:4)
  A quokka (D:4)
  A frilled lizard (D:4)
3 creatures vanquished.

Grand Total: 66 creatures vanquished

Notes
Turn   | Place    | Note
-------+----------+-------------------------------------------
     0 | D:1      | Dfrag the Demonspawn Fire Elementalist began the quest for
                  | the Orb.
     0 | D:1      | Reached XP level 1. HP: 13/13 MP: 3/3
   229 | D:1      | Gained mutation: You are partially covered in yellow
                  | scales. (AC +2) [demonic ancestry]
   229 | D:1      | Reached XP level 2. HP: 15/19 MP: 0/5
   537 | D:1      | Reached skill level 3 in Fire Magic
   951 | D:2      | Gained mutation: You are slightly more attuned to the
                  | shadows. [demonic ancestry]
   951 | D:2      | Reached XP level 3. HP: 4/24 MP: 0/6
  1255 | D:2      | HP: 1/24 [worm (7)]
  1440 | D:2      | Found a hazy altar of Hepliaklqana.
  1441 | D:2      | Found a shimmering altar of Xom.
  1441 | D:2      | Noticed a hell beast
  1442 | D:2      | Noticed a hell beast
  1442 | D:2      | Noticed a spectral ugly thing
  1899 | D:3      | Found a sacrificial altar of Ru.
  1924 | D:3      | Reached XP level 4. HP: 20/30 MP: 4/8
  1965 | D:3      | Found a glowing golden altar of the Shining One.
  2202 | D:3      | Noticed Sigmund
  2244 | D:3      | Learned a level 4 spell: Sticky Flame
  2248 | D:3      | Learned a level 3 spell: Conjure Flame
  2423 | D:3      | Killed Sigmund
  2423 | D:3      | Reached skill level 4 in Fire Magic
  2423 | D:3      | Reached XP level 5. HP: 31/35 MP: 4/10
  2544 | D:3      | Found a faded altar of an unknown god.
  2918 | D:4      | Killed from afar by an orc priest

Levels and vault maps discovered:
D:1:      lightli_arrival_statuegarden, layout_loops_corners
D:2:      layout_loops_ring, regret_index_temple_of_mockery, serial_bayou_pond_a
D:3:      layout_loops_corners, nicolae_ru_awakened_eye, tso_metal_star,
          chequers_ecumenical_altar_simple_redux, uniq_sigmund
D:4:      layout_rooms, first_ration, xom_confusion_cloud,
          uniq_crazy_yiuf_cottage

Skill      XL: |  1  2  3  4 |
---------------+-------------+-----
Fire Magic     | 3 4 |  4.1
Conjurations   | 2 3 |  3.5
Spellcasting   | 3 |  3.6
Dodging        | |  1.7
Stealth        | |  1.7

Action                   |  1- 3 |  4- 6 || total
-------------------------+-------+-------++-------
Melee: Unarmed           |    40 |       ||    40
       Spear             |    35 |       ||    35
       Dagger            |    15 |     6 ||    21
 Cast: Flame Tongue      |    82 |    38 ||   120
       Sticky Flame      |       |     1 ||     1
  Eat: Chunk             |     4 |     3 ||     7
Armor: Robe              |    37 |     7 ||    44
Dodge: Dodged            |    85 |    12 ||    97

Table legend:
 A = Non-vault XP
 B = Vault XP
 C = Vault XP percentage of total XP
 D = Non-vault monster count
 E = Vault monster count
 F = Vault count percentage of total count
                 A         B        C        D         E       F
            +---------+---------+-------+---------+---------+-------
      Total |     164 |     208 |  55.9 |      62 |       1 |   1.6
            +---------+---------+-------+---------+---------+-------
        D:1 |      33 |       0 |   0.0 |      17 |       0 |   0.0
        D:2 |      44 |       0 |   0.0 |      19 |       0 |   0.0
        D:3 |      87 |     208 |  70.5 |      26 |       1 |   3.7
            +---------+---------+-------+---------+---------+-------
